 Dungeon Crawl Stone Soup version 0.18.1-48-g4cf74bf (webtiles) character file.

5247 DungeonyCrawlthano the Martial Artist (level 10, -3/70 HPs)
             Began as a Demonspawn Monk on Aug 12, 2016.
             Was an Initiate of Ru.
             Slain by Urug
             ... wielding a +2 great mace of protection
              (19 damage)
             ... on level 10 of the Dungeon.
             The game lasted 00:20:13 (8988 turns).

DungeonyCrawlthano the Martial Artist (DsMo)        Turns: 8988, Time: 00:20:13

Health: -3/70      AC: 20    Str: 19    XL:     10   Next: 36%
Magic:  10/10      EV: 17    Int:  9    God:    Ru [......]
Gold:   565        SH:  0    Dex: 15    Spells: 1 memorised, 3 levels left

rFire  + . .     SeeInvis .       - Unarmed
rCold  . . .     Gourm    .     t - +0 leather armour of the Heavens {rElec Regen+ Str+4 Int-2}
rNeg   . . .     Faith    .     (no shield)
rPois  +         Spirit   .     p - +1 helmet
rElec  +         Dismiss  .     z - +2 cloak
rCorr  .         Reflect  .     (no gloves)
SustAt .         Harm     .     q - +0 pair of boots
MR     .....                    (no amulet)
Stlth  ..........               e - ring of poison resistance
                                l - +2 ring of evasion

@: not resistant to hostile enchantments, extremely unstealthy
A: hooves 1, rough black scales 3, demonic guardian 1, fire resistance 1, strong
1, no stealth
a: Renounce Religion


You were on level 10 of the Dungeon.
You worshipped Ru.
Ru was noncommittal.
You were not hungry.

You visited 2 branches of the dungeon, and saw 11 of its levels.

You collected 565 gold pieces.

Inventory:

Armour
 p - a +1 helmet (worn)
 q - a +0 pair of boots (worn)
 t - the +0 leather armour of the Heavens (worn) {rElec Regen+ Str+4 Int-2}
   (You found it on level 5 of the Dungeon)

   It affects your strength (+4).
   It affects your intelligence (-2).
   It insulates you from electricity.
   It increases your rate of regeneration.
 z - a +2 cloak (worn)
Jewellery
 d - an uncursed ring of protection from fire
 e - a ring of poison resistance (right hand)
 g - an uncursed ring of fire {unknown}
 l - a +2 ring of evasion (left hand)
 r - an uncursed ring of flight
 s - an uncursed ring of protection from fire
Wands
 w - a wand of lightning (11/15)
 A - a wand of teleportation (2/9)
Scrolls
 f - 10 scrolls of remove curse
 v - a scroll of fog
 x - a scroll of enchant armour
 D - a scroll of blinking
Potions
 a - a potion of lignification {unknown}
 c - 2 potions of flight
 i - 2 potions of mutation
 j - 3 potions of agility
 k - 2 potions of haste
 m - a potion of resistance
 n - 8 potions of curing
 o - 5 potions of heal wounds
Books
 u - a book of Enchantments

   Spells                             Type                      Level
   a - Cause Fear                     Hexes                        4
   b - Yara's Violent Unravelling     Hexes/Transmutation          5
   c - Silence                        Hexes/Air                    5
   d - Deflect Missiles               Charms/Air                   6
   e - Haste                          Charms                       6
   f - Discord                        Hexes                        8
 B - a book of Burglary

   Spells                             Type                      Level
   a - Swiftness                      Charms/Air                   2
   b - Passwall                       Transmutation/Earth          2
   c - Passage of Golubria            Translocation                4
   d - Lee's Rapid Deconstruction     Earth                        5
   e - Darkness                       Hexes                        6
   f - Invisibility                   Hexes                        6
Comestibles
 b - 12 bread rations
 h - 6 meat rations
 C - 3 chunks of flesh


   Skills:
 - Level 3.0 Fighting
 - Level 5.2 Armour
 + Level 6.2 Dodging
 - Level 11.0 Unarmed Combat
 - Level 5.2 Charms


You had 3 spell levels left.
You knew the following spells:

 Your Spells              Type           Power        Failure   Level  Hunger
a - Haste                 Chrm           #.......     100%        6    #######


Dungeon Overview and Level Annotations

Branches:
Dungeon (10/15)            Temple (1/1) D:5            Lair (0/8) D:8
    Orc (0/2) D:10

Altars:
Dithmenos
Elyvilon
Fedhas
Gozag
Pakellas
Qazlal
Ru
Trog
Vehumet
Xom
Yredelemnul
Zin
The Shining One

Annotations:
D:10 Joseph, Urug


Innate Abilities, Weirdness & Mutations

You have large cloven feet.
You are completely covered in rough black scales (AC +10, Dex -3).
A weak demonic guardian rushes to your aid.
Your flesh is heat resistant.
You cannot be stealthy.
Your muscles are strong. (Str +2)


Message History

Urug is almost dead.
Your quasit bites Urug.
Your quasit claws Urug but does no damage. x2
You catch the helpless Urug momentarily off-guard.
You hit Urug but do no damage.
Urug is almost dead.
Your crimson imp blinks!
Urug hits you with a great mace of protection!!
* * * LOW HITPOINT WARNING * * *
Your quasit bites Urug but does no damage.
Your quasit claws Urug but does no damage. x2
You closely miss Urug.
Urug is almost dead.
Your crimson imp disappears in a puff of smoke!
Your quasit barely misses Urug.
Your quasit closely misses Urug.
Your quasit misses Urug. You hit Urug but do no damage.
Urug is almost dead.
Urug hits you with a great mace of protection!!
You die...

#.##.#
#.##(# #.
#.# #. #.#
#.# #.# #
#.# #.##5#
#..@o#######
#...........
#........§.#
#...§.#....#
#.....#....#
#...... ...o
#....... ...
#.#...###..#
#......


You could see Urug and a friendly quasit.

Vanquished Creatures
  Pikel (D:5)
  An ice statue (D:9)
  A wyvern (D:10)
  A spriggan (D:7)
  4 yaks (D:9)
  An ice beast (D:5)
  A water moccasin (D:6)
  A sky beast (D:7)
  3 orc warriors (D:8)
  A necrophage (D:10)
  A wasp (D:10)
  2 centaurs
  3 ogres
  2 crocodiles (D:8)
  2 big kobolds
  2 giant frogs
  5 scorpions
  2 wights (D:6)
  4 crimson imps
  A howler monkey (D:6)
  A gnoll shaman (D:8)
  A giant frog zombie (D:7)
  A hound (D:6)
  6 orc wizards
  7 orc priests
  4 iguanas
  9 worker ants
  A hound skeleton (D:4)
  10 adders
  9 gnolls
  2 river rats (D:8)
  2 shadow imps
  A worm (D:4)
  4 dart slugs
  6 giant geckos
  35 orcs
  A giant cockroach (D:4)
  2 hobgoblins
  8 jackals
  13 kobolds
  5 quokkas
  12 bats
  5 giant newts
  7 goblins
  15 rats
206 creatures vanquished.

Vanquished Creatures (collateral kills)
  An orc knight (D:10)
  A phantom (D:6)
  A giant frog (D:6)
  A wight (D:6)
  2 orc wizards
  A gnoll (D:5)
  An adder (D:6)
  2 orcs
  2 kobolds (D:6)
  3 rats (D:8)
15 creatures vanquished.

Vanquished Creatures (others)
  A slave (D:5)
  A giant frog zombie (D:5)
  A giant frog skeleton (D:5)
  An iguana (D:5)
  An adder (D:5)
  A quokka zombie (D:5)
6 creatures vanquished.

Grand Total: 227 creatures vanquished

Notes
Turn   | Place    | Note
--------------------------------------------------------------
     0 | D:1      | DungeonyCrawlthano the Demonspawn Monk began the quest for the Orb.
     0 | D:1      | Reached XP level 1. HP: 18/18 MP: 1/1
   134 | D:1      | Reached skill level 4 in Unarmed Combat
   134 | D:1      | Gained mutation: A weak demonic guardian rushes to your aid. [demonic ancestry]
   134 | D:1      | Reached XP level 2. HP: 13/24 MP: 2/2
   970 | D:2      | Gained mutation: You have large cloven feet. [demonic ancestry]
   970 | D:2      | Reached XP level 3. HP: 23/29 MP: 3/3
  1459 | D:2      | You fall through a shaft!
  1472 | D:3      | Reached skill level 5 in Unarmed Combat
  1726 | D:3      | Gained mutation: You are partially covered in rough black scales (AC +4, Dex -1). [demonic ancestry]
  1726 | D:3      | Reached XP level 4. HP: 23/35 MP: 4/4
  2467 | D:3      | Found a radiant altar of Vehumet.
  2468 | D:3      | Found a bloodstained altar of Trog.
  2713 | D:4      | Noticed an ogre
  2733 | D:4      | Killed an ogre
  2733 | D:4      | Reached skill level 6 in Unarmed Combat
  2733 | D:4      | Gained mutation: Your flesh is heat resistant. [demonic ancestry]
  2733 | D:4      | Reached XP level 5. HP: 31/41 MP: 5/5
  3087 | D:4      | Noticed an ogre
  3099 | D:4      | Killed an ogre
  3258 | D:4      | Gained mutation: You are mostly covered in rough black scales (AC +7, Dex -2). [demonic ancestry]
  3258 | D:4      | Reached XP level 6. HP: 24/47 MP: 6/6
  3544 | D:4      | Reached skill level 7 in Unarmed Combat
  3871 | D:5      | Entered Level 5 of the Dungeon
  3905 | D:5      | Noticed Pikel
  3905 | D:5      | Noticed a slave
  3905 | D:5      | Noticed a slave
  3905 | D:5      | Noticed a slave
  3906 | D:5      | Noticed a slave
  3939 | D:5      | Killed Pikel
  3939 | D:5      | Reached skill level 8 in Unarmed Combat
  3939 | D:5      | Reached XP level 7. HP: 46/52 MP: 7/7
  4102 | D:5      | Reached skill level 9 in Unarmed Combat
  4272 | D:5      | Gained mutation: Your muscles are strong. (Str +2) [potion of beneficial mutation]
  4394 | D:5      | Found a staircase to the Ecumenical Temple.
  4435 | D:5      | Got an ichor-stained leather armour
  4438 | Temple   | Entered the Ecumenical Temple
  4439 | Temple   | Identified the cursed +0 leather armour of the Heavens {rElec Regen+ Str+4 Int-2} (You found it on level 5 of the Dungeon)
  4478 | Temple   | Became a worshipper of Ru the Awakened
  4482 | Temple   | Gained mutation: You cannot be stealthy. [Ru sacrifice]
  4785 | D:5      | Noticed an ice beast
  4799 | D:5      | Killed an ice beast
  4799 | D:5      | Gained mutation: You are completely covered in rough black scales (AC +10, Dex -3). [demonic ancestry]
  4799 | D:5      | Reached XP level 8. HP: 46/58 MP: 8/8
  5034 | D:6      | Reached skill level 5 in Dodging
  5245 | D:6      | Reached skill level 1 in Armour
  5812 | D:7      | Reached XP level 9. HP: 63/63 MP: 9/9
  6094 | D:7      | Reached skill level 5 in Armour
  6470 | D:8      | Got a creamy pearl robe
  6473 | D:8      | Identified the cursed +0 robe of Autumn {rC+ SInv} (You found it on level 8 of the Dungeon)
  6525 | D:8      | Learned a level 6 spell: Haste
  6557 | D:8      | Reached skill level 10 in Unarmed Combat
  6672 | D:8      | Reached skill level 1 in Charms
  6966 | D:8      | Found a staircase to the Lair.
  7090 | D:8      | Noticed an angel
  7091 | D:8      | Found a glowing silver altar of Zin.
  7200 | D:9      | Found a shadowy altar of Dithmenos.
  7343 | D:9      | Noticed an ice statue
  7386 | D:9      | Killed an ice statue
  7462 | D:9      | Got a faintly glowing lapis lazuli ring
  7463 | D:9      | Identified the ring "Epranneq" {MP+9 Dex+3 Stlth+} (You found it on level 9 of the Dungeon)
  7842 | D:9      | Reached skill level 5 in Charms
  7848 | D:9      | Reached XP level 10. HP: 70/70 MP: 10/10
  8054 | D:10     | Entered Level 10 of the Dungeon
  8241 | D:10     | Found a staircase to the Orcish Mines.
  8325 | D:10     | Noticed Joseph
  8325 | D:10     | Noticed an orc knight
  8382 | D:10     | Killed an orc knight
  8382 | D:10     | Reached skill level 11 in Unarmed Combat
  8959 | D:10     | Noticed Urug
  8988 | D:10     | Slain by Urug

Skill      XL: |  1  2  3  4  5  6  7  8  9 10 |
---------------+-------------------------------+-----
Unarmed Combat | 4 5 6 8 9 10 11 | 11.0
Dodging        | 4 6 |  6.2
Stealth        | 0 |  0.0
Armour         | 4 5 |  5.2
Charms         | 5 |  5.2
Fighting       | |  3.0

Action                   |  1- 3 |  4- 6 |  7- 9 | 10-12 || total
-------------------------+-------+-------+-------+-------++-------
Melee: Unarmed           |   145 |   190 |   541 |   107 ||   983
       Kick              |    10 |    57 |     1 |       ||    68
       Punch             |       |     6 |    21 |     9 ||    36
Invok: Sacrifice Stealth |       |       |     1 |       ||     1
       Reject Sacrifices |       |       |     1 |       ||     1
 Abil: Evoke Flight      |       |       |     2 |       ||     2
  Use: Scroll            |    10 |     7 |    11 |     4 ||    32
       Potion            |       |       |     1 |       ||     1
 Stab: Sleeping          |     6 |     1 |     1 |       ||     8
       Distracted        |     1 |     1 |     2 |     1 ||     5
  Eat: Chunk             |     2 |     8 |     8 |     3 ||    21
       Pizza             |       |       |     1 |       ||     1
       Bread ration      |       |       |     1 |       ||     1
Armor: Robe              |    17 |    54 |    13 |       ||    84
       Leather armour    |       |       |   145 |    31 ||   176
Dodge: Dodged            |   113 |   139 |   479 |    70 ||   801
